[ AOE2 MATCH · #457618100 ]
Team RMMapuche vs Goths
[ REPLAY ANALYSIS · EXTRACTED FROM THE RECORDED GAME ]
Feudal
11:47
Castle
18:39
Imperial
31:24
| APM avg | 57.0 |
| APM peak | 93 |
| eAPM avg | 25.4 |
| Villagers / military | 140 / 74 |
Focus
⚔️ 38.0% · 🌾 62.0%
Bolas Rider ×72 · Unknown (2550) ×5 · Monk ×2
Feudal
10:18
Castle
16:10
Imperial
34:58
| APM avg | 27.9 |
| APM peak | 57 |
| eAPM avg | 13.1 |
| Villagers / military | 127 / 73 |
Focus
⚔️ 23.7% · 🌾 76.3%
Genoese Crossbowman ×42 · Archer ×31
Feudal
9:08
Castle
14:21
Imperial
30:27
| APM avg | 40.0 |
| APM peak | 80 |
| eAPM avg | 19.3 |
| Villagers / military | 106 / 39 |
Focus
⚔️ 27.3% · 🌾 72.7%
Mangudai ×25 · Trebuchet (Packed) ×11 · Scout Cavalry ×3 · Trade Cart ×1
Feudal
10:39
Castle
14:38
Imperial
33:53
| APM avg | 29.9 |
| APM peak | 88 |
| eAPM avg | 15.3 |
| Villagers / military | 94 / 89 |
Focus
⚔️ 30.4% · 🌾 69.6%
Bolas Rider ×79 · Skirmisher ×10
Feudal
11:19
Castle
22:34
Imperial
—
| APM avg | 33.5 |
| APM peak | 60 |
| eAPM avg | 17.4 |
| Villagers / military | 101 / 48 |
Focus
⚔️ 21.1% · 🌾 78.9%
War Wagon ×31 · Archer ×13 · Skirmisher ×3 · Spearman ×1
Feudal
11:10
Castle
15:30
Imperial
—
| APM avg | 34.5 |
| APM peak | 98 |
| eAPM avg | 21.6 |
| Villagers / military | 121 / 13 |
Focus
⚔️ 26.9% · 🌾 73.1%
Militia ×8 · Skirmisher ×4 · Monk ×1
Feudal
11:03
Castle
15:08
Imperial
29:49
| APM avg | 24.6 |
| APM peak | 53 |
| eAPM avg | 16.0 |
| Villagers / military | 225 / 114 |
Focus
⚔️ 17.4% · 🌾 82.6%
Knight ×111 · Trebuchet (Packed) ×3
Feudal
13:04
Castle
17:00
Imperial
35:28
| APM avg | 19.1 |
| APM peak | 58 |
| eAPM avg | 13.4 |
| Villagers / military | 119 / 91 |
Focus
⚔️ 26.4% · 🌾 73.6%
Huskarl ×85 · Militia ×4 · Spearman ×2
Match map
Resources at game start + every placement click. Thick line = wall · dashed box = detected house wall. 🟡 gold · ⚪ stone · 🟢 berries · 🔶 boar · ⭕ relic
Inputs per minute
— 闲人肥羊 - - Miyamoto
Build order — 闲人肥羊
First 150 of 352 actions detected
| 0:02 | Create | Villager (Male) |
| 0:02 | Create | Villager (Male) |
| 0:03 | Create | Villager (Male) |
| 0:03 | Create | Villager (Male) |
| 0:04 | Build | House |
| 0:05 | Build | House |
| 1:22 | Create | Villager (Male) |
| 1:22 | Create | Villager (Male) |
| 1:37 | Build | Settlement |
| 1:45 | Create | Villager (Male) |
| 2:19 | Create | Villager (Male) |
| 2:19 | Create | Villager (Male) |
| 2:33 | Create | Villager (Male) |
| 2:33 | Create | Villager (Male) |
| 3:17 | Create | Villager (Male) |
| 3:17 | Create | Villager (Male) |
| 3:17 | Create | Villager (Male) |
| 3:39 | Create | Villager (Male) |
| 3:40 | Create | Villager (Male) |
| 3:59 | Create | Villager (Male) |
| 3:59 | Create | Villager (Male) |
| 4:13 | Create | Villager (Male) |
| 4:13 | Create | Villager (Male) |
| 4:13 | Create | Villager (Male) |
| 4:24 | Build | Barracks |
| 4:36 | Build | Palisade Wall |
| 4:39 | Create | Villager (Male) |
| 5:02 | Build | House |
| 5:11 | Create | Villager (Male) |
| 5:27 | Create | Unit 2550 |
| 5:27 | Create | Unit 2550 |
| 5:32 | Create | Unit 2550 |
| 5:36 | Build | Palisade Wall |
| 5:45 | Create | Villager (Male) |
| 6:14 | Create | Villager (Male) |
| 6:42 | Create | Villager (Male) |
| 6:55 | Create | Villager (Male) |
| 6:58 | Create | Villager (Male) |
| 7:57 | Create | Villager (Male) |
| 8:01 | Build | House |
| 8:05 | Research | Loom |
| 8:34 | Create | Villager (Male) |
| 8:35 | Create | Villager (Male) |
| 9:20 | Build | Settlement |
| 9:38 | Research | Feudal Age |
| 10:41 | Create | Unit 2550 |
| 10:45 | Create | Unit 2550 |
| 11:36 | Create | Villager (Male) |
| 11:47 | Age | Feudal Age |
| 11:48 | Research | Tech 1402 |
| 11:48 | Research | Tech 1402 |
| 11:49 | Research | Tech 1402 |
| 11:52 | Research | Horse Collar |
| 11:55 | Research | Double-Bit Axe |
| 11:57 | Create | Villager (Male) |
| 11:59 | Build | Farm |
| 12:01 | Build | Farm |
| 12:02 | Build | Farm |
| 12:17 | Create | Villager (Male) |
| 12:19 | Build | Farm |
| 12:22 | Build | Farm |
| 12:41 | Build | Farm |
| 12:44 | Build | Farm |
| 12:46 | Build | Farm |
| 12:50 | Build | Farm |
| 12:59 | Create | Villager (Male) |
| 13:01 | Research | Arson |
| 13:01 | Research | Arson |
| 13:08 | Build | Farm |
| 13:09 | Build | Farm |
| 13:29 | Create | Villager (Male) |
| 13:32 | Build | Farm |
| 13:36 | Build | House |
| 13:47 | Create | Villager (Male) |
| 13:49 | Build | Farm |
| 13:58 | Build | Farm |
| 14:06 | Create | Villager (Male) |
| 14:09 | Build | Farm |
| 14:30 | Build | Blacksmith |
| 14:43 | Create | Villager (Male) |
| 14:50 | Create | Villager (Male) |
| 15:13 | Build | Archery Range |
| 15:22 | Create | Villager (Male) |
| 15:57 | Build | Archery Range |
| 15:59 | Research | Castle Age |
| 16:00 | Research | Castle Age |
| 16:29 | Build | Archery Range |
| 16:41 | Research | Gold Mining |
| 16:41 | Research | Gold Mining |
| 17:17 | Research | Fletching |
| 17:26 | Build | Palisade Gate |
| 18:13 | Build | Settlement |
| 18:13 | Create | Villager (Male) |
| 18:26 | Build | House |
| 18:39 | Age | Castle Age |
| 18:41 | Create | Bolas Rider |
| 18:41 | Create | Bolas Rider |
| 18:42 | Create | Bolas Rider |
| 18:43 | Research | Bodkin Arrow |
| 18:46 | Create | Villager (Male) |
| 18:53 | Build | Town Center |
| 19:00 | Create | Bolas Rider |
| 19:00 | Create | Bolas Rider |
| 19:11 | Research | Wheelbarrow |
| 19:14 | Create | Villager (Male) |
| 19:20 | Create | Bolas Rider |
| 19:20 | Create | Bolas Rider |
| 19:49 | Create | Bolas Rider |
| 19:49 | Create | Bolas Rider |
| 19:50 | Create | Bolas Rider |
| 20:03 | Research | Padded Archer Armor |
| 20:20 | Create | Bolas Rider |
| 20:21 | Create | Bolas Rider |
| 20:24 | Create | Villager (Male) |
| 20:36 | Create | Bolas Rider |
| 20:36 | Create | Bolas Rider |
| 20:46 | Create | Villager (Male) |
| 21:01 | Create | Villager (Male) |
| 21:01 | Create | Villager (Male) |
| 21:14 | Create | Villager (Male) |
| 21:14 | Create | Bolas Rider |
| 21:15 | Create | Bolas Rider |
| 21:15 | Create | Bolas Rider |
| 21:15 | Create | Bolas Rider |
| 21:16 | Build | Farm |
| 21:18 | Build | Farm |
| 21:20 | Build | House |
| 21:20 | Build | House |
| 21:20 | Build | House |
| 21:34 | Create | Villager (Male) |
| 21:36 | Create | Bolas Rider |
| 21:36 | Create | Bolas Rider |
| 21:57 | Create | Bolas Rider |
| 21:58 | Create | Villager (Male) |
| 22:04 | Create | Villager (Male) |
| 22:23 | Create | Bolas Rider |
| 22:23 | Create | Bolas Rider |
| 22:48 | Create | Villager (Male) |
| 22:54 | Create | Villager (Male) |
| 22:55 | Build | House |
| 22:56 | Build | House |
| 22:56 | Build | House |
| 22:57 | Build | House |
| 23:07 | Create | Bolas Rider |
| 23:08 | Create | Bolas Rider |
| 23:18 | Create | Villager (Male) |
| 23:24 | Create | Villager (Male) |
| 23:30 | Create | Villager (Male) |
| 23:37 | Build | Town Center |
| 23:59 | Create | Bolas Rider |
Build order — Miyamoto
First 150 of 249 actions detected
| 0:02 | Create | Villager (Male) ×4 |
| 0:04 | Build | House |
| 0:06 | Build | House |
| 1:30 | Create | Villager (Male) |
| 1:30 | Create | Villager (Male) |
| 2:03 | Create | Villager (Male) |
| 2:04 | Create | Villager (Male) |
| 2:04 | Create | Villager (Male) |
| 2:08 | Build | Lumber Camp |
| 2:26 | Create | Villager (Male) |
| 2:26 | Create | Villager (Male) |
| 2:27 | Create | Villager (Male) |
| 2:41 | Create | Villager (Male) |
| 2:41 | Create | Villager (Male) |
| 3:17 | Create | Villager (Male) |
| 3:17 | Create | Villager (Male) |
| 3:47 | Create | Villager (Male) |
| 3:48 | Create | Villager (Male) |
| 4:03 | Build | House |
| 4:14 | Create | Villager (Male) |
| 4:15 | Create | Villager (Male) |
| 4:15 | Create | Villager (Male) |
| 4:41 | Create | Villager (Male) |
| 4:42 | Create | Villager (Male) |
| 4:47 | Build | House |
| 4:52 | Build | Mill |
| 4:53 | Create | Villager (Male) |
| 5:31 | Create | Villager (Male) |
| 5:31 | Create | Villager (Male) |
| 5:47 | Create | Villager (Male) |
| 5:47 | Create | Villager (Male) |
| 6:18 | Create | Villager (Male) |
| 6:19 | Create | Villager (Male) |
| 6:19 | Create | Villager (Male) |
| 6:50 | Create | Villager (Male) ×4 |
| 6:50 | Create | Villager (Male) ×4 |
| 7:24 | Build | Mining Camp |
| 8:08 | Research | Feudal Age |
| 8:12 | Research | Loom |
| 8:59 | Create | Villager (Male) |
| 9:27 | Build | Barracks |
| 9:33 | Build | House |
| 9:35 | Build | House |
| 9:46 | Create | Villager (Male) |
| 10:18 | Age | Feudal Age |
| 10:26 | Build | Mill |
| 10:53 | Create | Villager (Male) |
| 11:07 | Build | Archery Range |
| 11:14 | Create | Villager (Male) |
| 12:20 | Create | Villager (Male) |
| 12:37 | Build | Blacksmith |
| 13:05 | Create | Villager (Male) |
| 13:19 | Research | Castle Age |
| 13:34 | Build | House |
| 14:00 | Research | Double-Bit Axe |
| 14:18 | Build | Archery Range |
| 14:26 | Create | Archer |
| 14:26 | Create | Archer |
| 14:55 | Research | Horse Collar |
| 15:04 | Build | Farm |
| 15:07 | Build | Farm |
| 15:13 | Build | Farm |
| 15:21 | Research | Fletching |
| 15:23 | Create | Archer |
| 15:24 | Create | Archer |
| 15:28 | Create | Archer |
| 15:28 | Create | Archer |
| 15:41 | Build | House |
| 15:43 | Build | House |
| 15:59 | Create | Villager (Male) |
| 16:00 | Create | Villager (Male) |
| 16:03 | Create | Archer ×4 |
| 16:10 | Age | Castle Age |
| 16:59 | Create | Villager (Male) |
| 17:11 | Create | Villager (Male) |
| 17:17 | Build | Town Center |
| 17:22 | Create | Villager (Male) |
| 17:36 | Build | Farm |
| 17:44 | Build | Farm |
| 17:55 | Research | Crossbowman (upgrade) |
| 17:59 | Create | Villager (Male) |
| 18:10 | Build | House |
| 18:11 | Build | House |
| 18:12 | Build | House |
| 18:13 | Build | House |
| 18:15 | Build | House |
| 18:30 | Create | Villager (Male) |
| 18:31 | Create | Villager (Male) |
| 18:58 | Create | Villager (Male) |
| 19:01 | Create | Archer ×4 |
| 19:16 | Create | Villager (Male) |
| 19:31 | Create | Villager (Male) |
| 19:45 | Create | Villager (Male) |
| 19:46 | Create | Villager (Male) |
| 20:09 | Create | Villager (Male) |
| 20:33 | Create | Villager (Male) |
| 20:42 | Create | Villager (Male) |
| 20:46 | Build | House |
| 20:48 | Build | House |
| 20:49 | Build | House |
| 20:51 | Create | Villager (Male) |
| 20:57 | Create | Villager (Male) |
| 21:02 | Build | Farm |
| 21:02 | Build | Farm |
| 21:03 | Build | Farm |
| 21:03 | Build | Farm |
| 21:03 | Build | Farm |
| 21:03 | Build | Farm |
| 21:04 | Build | Farm |
| 21:28 | Create | Villager (Male) |
| 21:47 | Create | Villager (Male) |
| 21:47 | Create | Villager (Male) |
| 21:50 | Create | Villager (Male) |
| 21:50 | Create | Villager (Male) |
| 22:06 | Build | Town Center |
| 22:11 | Build | Farm |
| 22:19 | Build | Farm |
| 22:22 | Build | Farm |
| 22:24 | Create | Villager (Male) |
| 22:27 | Build | Farm |
| 22:27 | Build | Farm |
| 22:27 | Build | Farm |
| 22:28 | Build | Farm |
| 22:28 | Build | Farm |
| 22:31 | Create | Villager (Male) |
| 22:45 | Create | Villager (Male) |
| 22:45 | Create | Villager (Male) |
| 23:10 | Create | Villager (Male) |
| 23:11 | Create | Villager (Male) |
| 23:19 | Create | Villager (Male) |
| 23:22 | Build | House |
| 23:24 | Build | House |
| 23:24 | Build | House |
| 23:25 | Create | Archer ×5 |
| 23:26 | Create | Archer ×5 |
| 23:42 | Create | Villager (Male) |
| 23:55 | Research | Wheelbarrow |
| 23:55 | Research | Wheelbarrow |
| 24:07 | Create | Villager (Male) |
| 24:20 | Create | Villager (Male) |
| 24:44 | Create | Villager (Male) |
| 25:01 | Build | Town Center |
| 25:02 | Create | Villager (Male) |
| 25:05 | Build | Archery Range |
| 25:06 | Create | Villager (Male) |
| 25:18 | Create | Villager (Male) |
| 25:26 | Research | Bodkin Arrow |
| 25:28 | Research | Padded Archer Armor |
| 26:01 | Create | Villager (Male) |
| 26:01 | Create | Villager (Male) |
Build order — 神廚
First 150 of 302 actions detected
| 0:04 | Create | Villager (Male) |
| 0:04 | Create | Villager (Male) |
| 0:04 | Create | Villager (Male) |
| 0:04 | Create | Villager (Male) |
| 0:05 | Create | Villager (Male) |
| 0:05 | Create | Villager (Male) |
| 0:06 | Build | House |
| 0:07 | Build | House |
| 1:31 | Create | Villager (Male) |
| 1:32 | Create | Villager (Male) |
| 1:32 | Create | Villager (Male) |
| 1:48 | Build | Lumber Camp |
| 2:11 | Create | Villager (Male) |
| 2:11 | Create | Villager (Male) |
| 2:23 | Create | Villager (Male) |
| 2:23 | Create | Villager (Male) |
| 2:24 | Create | Villager (Male) |
| 3:08 | Create | Villager (Male) |
| 3:09 | Create | Villager (Male) |
| 3:09 | Create | Villager (Male) |
| 3:39 | Create | Villager (Male) |
| 3:39 | Create | Villager (Male) |
| 4:07 | Build | House |
| 4:26 | Create | Villager (Male) |
| 4:26 | Create | Villager (Male) |
| 4:26 | Create | Villager (Male) |
| 4:26 | Create | Villager (Male) |
| 4:27 | Create | Villager (Male) |
| 4:52 | Build | Mill |
| 5:19 | Create | Villager (Male) |
| 6:34 | Build | House |
| 6:58 | Research | Feudal Age |
| 7:54 | Build | Mining Camp |
| 8:42 | Create | Villager (Male) |
| 9:08 | Age | Feudal Age |
| 9:16 | Build | Market |
| 9:21 | Create | Villager (Male) |
| 10:09 | Research | Loom |
| 10:39 | Create | Villager (Male) |
| 10:58 | Build | Blacksmith |
| 11:16 | Create | Villager (Male) |
| 11:33 | Research | Castle Age |
| 12:46 | Research | Double-Bit Axe |
| 12:49 | Research | Horse Collar |
| 13:22 | Build | Building 490 |
| 13:35 | Build | Building 490 |
| 13:42 | Build | Stone Wall |
| 14:10 | Create | Villager (Male) |
| 14:21 | Age | Castle Age |
| 14:29 | Build | Town Center |
| 14:50 | Build | Farm |
| 14:51 | Build | Farm |
| 14:52 | Build | Farm |
| 14:53 | Build | Farm |
| 14:55 | Build | Farm |
| 14:57 | Create | Villager (Male) |
| 15:27 | Research | Wheelbarrow |
| 15:29 | Build | House |
| 15:31 | Build | House |
| 16:04 | Create | Villager (Male) |
| 16:05 | Create | Villager (Male) |
| 16:10 | Build | Mining Camp |
| 16:31 | Create | Villager (Male) |
| 16:36 | Create | Villager (Male) |
| 17:11 | Create | Villager (Male) |
| 17:11 | Create | Villager (Male) |
| 17:20 | Build | Farm |
| 17:23 | Create | Villager (Male) |
| 17:35 | Create | Villager (Male) |
| 17:42 | Build | Farm |
| 17:46 | Create | Villager (Male) |
| 17:51 | Build | Farm |
| 17:52 | Build | Farm |
| 18:01 | Create | Villager (Male) |
| 18:03 | Create | Trade Cart |
| 18:04 | Build | Farm |
| 18:09 | Create | Villager (Male) |
| 18:25 | Create | Villager (Male) |
| 18:25 | Create | Villager (Male) |
| 18:29 | Build | Farm |
| 18:48 | Create | Villager (Male) |
| 18:48 | Create | Villager (Male) |
| 19:02 | Build | Farm |
| 19:06 | Create | Villager (Male) |
| 19:09 | Create | Villager (Male) |
| 19:13 | Build | Farm |
| 19:17 | Build | Farm |
| 19:20 | Build | Farm |
| 19:37 | Create | Villager (Male) |
| 19:38 | Create | Villager (Male) |
| 19:45 | Build | House |
| 19:46 | Build | House |
| 19:52 | Build | House |
| 19:52 | Build | House |
| 19:53 | Build | House |
| 20:09 | Build | Farm |
| 20:13 | Build | House |
| 20:14 | Build | House |
| 20:21 | Build | Farm |
| 20:24 | Build | Farm |
| 20:28 | Create | Villager (Male) |
| 20:28 | Create | Villager (Male) |
| 20:32 | Research | Stone Mining |
| 20:32 | Research | Stone Mining |
| 20:42 | Build | Farm |
| 20:58 | Create | Villager (Male) |
| 20:58 | Create | Villager (Male) |
| 20:59 | Create | Villager (Male) |
| 21:00 | Create | Villager (Male) |
| 21:02 | Research | Bow Saw |
| 21:19 | Build | House |
| 21:20 | Build | House |
| 21:35 | Research | Heavy Plow |
| 21:35 | Research | Heavy Plow |
| 21:44 | Create | Villager (Male) |
| 21:50 | Create | Villager (Male) |
| 22:21 | Create | Villager (Male) |
| 22:21 | Create | Villager (Male) |
| 22:26 | Build | Monastery |
| 22:32 | Build | House |
| 22:33 | Build | House |
| 22:35 | Build | House |
| 22:53 | Create | Villager (Male) |
| 22:53 | Create | Villager (Male) |
| 23:00 | Build | Castle |
| 23:04 | Research | Fletching |
| 23:04 | Research | Fletching |
| 23:05 | Create | Villager (Male) |
| 23:06 | Create | Villager (Male) |
| 23:14 | Build | University |
| 23:18 | Create | Villager (Male) |
| 23:18 | Create | Villager (Male) |
| 23:45 | Build | Mill |
| 23:51 | Research | Bodkin Arrow |
| 23:51 | Research | Bodkin Arrow |
| 23:52 | Create | Villager (Male) |
| 23:53 | Create | Villager (Male) |
| 23:59 | Build | House |
| 24:00 | Build | House |
| 24:02 | Build | House |
| 24:20 | Research | Hand Cart |
| 24:20 | Research | Hand Cart |
| 24:34 | Create | Villager (Male) |
| 24:34 | Create | Villager (Male) |
| 24:43 | Build | Mining Camp |
| 25:13 | Build | Town Center |
| 25:25 | Create | Villager (Male) |
| 25:25 | Create | Villager (Male) |
| 25:25 | Create | Villager (Male) |
| 25:25 | Create | Villager (Male) |
Build order — potrero
First 150 of 245 actions detected
| 0:01 | Create | Villager (Male) |
| 0:01 | Create | Villager (Male) |
| 0:02 | Create | Villager (Male) |
| 0:03 | Build | House |
| 0:05 | Build | House |
| 0:47 | Create | Villager (Male) |
| 1:26 | Create | Villager (Male) |
| 1:57 | Create | Villager (Male) |
| 1:57 | Create | Villager (Male) |
| 2:25 | Create | Villager (Male) |
| 2:25 | Create | Villager (Male) |
| 2:25 | Create | Villager (Male) |
| 2:31 | Build | Settlement |
| 3:15 | Create | Villager (Male) |
| 3:15 | Create | Villager (Male) |
| 3:49 | Build | House |
| 3:50 | Build | House |
| 3:51 | Build | House |
| 3:55 | Create | Villager (Male) |
| 4:21 | Create | Villager (Male) |
| 4:22 | Create | Villager (Male) |
| 4:50 | Create | Villager (Male) |
| 4:50 | Create | Villager (Male) |
| 5:01 | Build | House |
| 5:09 | Create | Villager (Male) |
| 5:19 | Build | Settlement |
| 5:33 | Create | Villager (Male) |
| 5:33 | Create | Villager (Male) |
| 5:41 | Build | House |
| 5:45 | Build | Palisade Wall |
| 6:14 | Create | Villager (Male) |
| 6:23 | Build | Building 796 |
| 6:25 | Build | Palisade Wall |
| 7:02 | Create | Villager (Male) |
| 7:34 | Create | Villager (Male) |
| 7:34 | Create | Villager (Male) |
| 8:29 | Research | Feudal Age |
| 8:37 | Build | Barracks |
| 10:39 | Age | Feudal Age |
| 10:42 | Build | Market |
| 10:46 | Build | Blacksmith |
| 11:58 | Research | Castle Age |
| 11:58 | Research | Castle Age |
| 12:48 | Research | Horse Collar |
| 12:48 | Research | Horse Collar |
| 13:12 | Build | Farm |
| 13:13 | Build | Farm |
| 13:13 | Build | Farm |
| 13:13 | Build | Farm |
| 13:14 | Build | Farm |
| 13:14 | Build | Farm |
| 13:19 | Research | Double-Bit Axe |
| 13:20 | Research | Double-Bit Axe |
| 13:22 | Build | Farm |
| 13:25 | Build | Farm |
| 14:33 | Research | Wheelbarrow |
| 14:38 | Age | Castle Age |
| 14:39 | Build | Town Center |
| 15:42 | Build | Town Center |
| 15:46 | Build | Town Center |
| 16:00 | Create | Villager (Male) |
| 16:00 | Create | Villager (Male) |
| 16:23 | Create | Villager (Male) |
| 16:26 | Create | Villager (Male) |
| 16:26 | Create | Villager (Male) |
| 16:47 | Create | Villager (Male) |
| 16:47 | Create | Villager (Male) |
| 16:54 | Create | Villager (Male) |
| 17:04 | Research | Bow Saw |
| 17:05 | Create | Villager (Male) |
| 17:31 | Research | Heavy Plow |
| 17:31 | Research | Heavy Plow |
| 17:36 | Create | Villager (Male) |
| 17:36 | Create | Villager (Male) |
| 17:49 | Create | Villager (Male) |
| 18:05 | Build | Settlement |
| 18:07 | Create | Villager (Male) |
| 18:16 | Build | Settlement |
| 18:24 | Create | Villager (Male) |
| 18:27 | Build | Farm |
| 18:29 | Build | Farm |
| 18:31 | Build | Farm |
| 18:34 | Build | Farm |
| 18:37 | Build | Farm |
| 18:39 | Build | Farm |
| 18:43 | Create | Villager (Male) |
| 18:43 | Create | Villager (Male) |
| 18:45 | Build | Farm |
| 18:52 | Build | House |
| 18:53 | Build | House |
| 18:54 | Create | Villager (Male) |
| 19:00 | Build | Farm |
| 19:03 | Build | Farm |
| 19:10 | Create | Villager (Male) |
| 19:13 | Build | Farm |
| 19:21 | Create | Villager (Male) |
| 19:26 | Build | Farm |
| 19:30 | Build | Farm |
| 19:30 | Create | Villager (Male) |
| 19:38 | Build | Farm |
| 19:39 | Create | Villager (Male) |
| 19:40 | Create | Villager (Male) |
| 19:51 | Build | Farm |
| 19:52 | Create | Villager (Male) |
| 19:59 | Create | Villager (Male) |
| 20:00 | Create | Villager (Male) |
| 20:02 | Build | House |
| 20:10 | Build | Building 490 |
| 20:14 | Build | Stone Wall |
| 20:17 | Create | Villager (Male) |
| 20:18 | Create | Villager (Male) |
| 20:29 | Research | Loom |
| 20:29 | Research | Loom |
| 20:35 | Research | Hand Cart |
| 20:35 | Research | Hand Cart |
| 20:36 | Create | Villager (Male) |
| 20:36 | Create | Villager (Male) |
| 21:06 | Create | Villager (Male) |
| 21:08 | Create | Villager (Male) |
| 21:09 | Create | Villager (Male) |
| 21:10 | Create | Villager (Male) |
| 21:12 | Create | Villager (Male) |
| 21:19 | Build | University |
| 21:25 | Create | Villager (Male) |
| 21:45 | Research | Gold Mining |
| 21:46 | Research | Gold Mining |
| 21:54 | Research | Stone Mining |
| 21:54 | Research | Stone Mining |
| 21:57 | Create | Villager (Male) |
| 21:58 | Create | Villager (Male) |
| 21:58 | Create | Villager (Male) |
| 21:59 | Create | Villager (Male) |
| 21:59 | Create | Villager (Male) |
| 21:59 | Create | Villager (Male) |
| 22:14 | Create | Villager (Male) |
| 22:14 | Create | Villager (Male) |
| 22:56 | Build | Archery Range |
| 22:57 | Build | Archery Range |
| 22:58 | Create | Villager (Male) |
| 22:58 | Create | Villager (Male) |
| 23:09 | Research | Ballistics |
| 23:10 | Research | Ballistics |
| 23:13 | Research | Fletching |
| 23:14 | Research | Padded Archer Armor |
| 23:14 | Research | Padded Archer Armor |
| 23:18 | Create | Villager (Male) |
| 23:18 | Create | Villager (Male) |
| 23:24 | Create | Villager (Male) |
| 23:24 | Create | Villager (Male) |
| 23:33 | Research | Gold Shaft Mining |
Build order — 一万五瓜
First 150 of 257 actions detected
| 0:03 | Build | House |
| 0:05 | Build | House |
| 0:06 | Create | Villager (Male) |
| 0:06 | Create | Villager (Male) |
| 1:03 | Create | Villager (Male) |
| 1:03 | Create | Villager (Male) |
| 1:04 | Create | Villager (Male) |
| 1:04 | Create | Villager (Male) |
| 1:29 | Create | Villager (Male) |
| 1:49 | Build | Lumber Camp |
| 2:16 | Create | Villager (Male) |
| 2:55 | Create | Villager (Male) |
| 2:55 | Create | Villager (Male) |
| 3:05 | Build | House |
| 3:26 | Create | Villager (Male) |
| 3:26 | Create | Villager (Male) |
| 3:26 | Create | Villager (Male) |
| 3:49 | Create | Villager (Male) |
| 4:26 | Create | Villager (Male) |
| 4:27 | Create | Villager (Male) |
| 4:33 | Build | Mill |
| 5:12 | Build | House |
| 5:15 | Create | Villager (Male) |
| 5:30 | Create | Villager (Male) |
| 5:49 | Build | Palisade Wall |
| 5:56 | Create | Villager (Male) |
| 6:13 | Create | Villager (Male) |
| 6:29 | Create | Villager (Male) |
| 6:34 | Build | Palisade Gate |
| 6:40 | Create | Villager (Male) |
| 7:22 | Build | Barracks |
| 7:42 | Create | Villager (Male) |
| 8:19 | Create | Villager (Male) |
| 8:29 | Build | House |
| 8:35 | Build | Farm |
| 8:44 | Create | Villager (Male) |
| 9:09 | Research | Feudal Age |
| 9:14 | Build | Mining Camp |
| 10:29 | Build | Mining Camp |
| 10:54 | Create | Villager (Male) |
| 11:19 | Age | Feudal Age |
| 11:25 | Build | Archery Range |
| 11:46 | Create | Villager (Male) |
| 11:53 | Create | Villager (Male) |
| 12:04 | Create | Spearman |
| 12:31 | Create | Villager (Male) |
| 12:38 | Build | Blacksmith |
| 12:43 | Create | Villager (Male) |
| 12:56 | Build | Farm |
| 13:24 | Create | Villager (Male) |
| 13:29 | Build | House |
| 13:33 | Research | Loom |
| 13:44 | Build | Farm |
| 13:47 | Create | Archer |
| 14:03 | Create | Archer |
| 14:15 | Create | Villager (Male) |
| 14:18 | Create | Villager (Male) |
| 14:23 | Build | Farm |
| 14:34 | Build | Farm |
| 14:35 | Build | Farm |
| 14:37 | Create | Villager (Male) |
| 14:39 | Build | House |
| 14:51 | Create | Archer |
| 14:53 | Create | Villager (Male) |
| 15:20 | Create | Villager (Male) |
| 15:25 | Build | Farm |
| 15:28 | Build | Farm |
| 15:34 | Build | Farm |
| 15:52 | Create | Villager (Male) |
| 16:04 | Create | Archer |
| 16:07 | Create | Villager (Male) |
| 16:16 | Build | Farm |
| 16:26 | Build | Watch Tower |
| 16:30 | Create | Villager (Male) |
| 16:36 | Create | Archer |
| 16:37 | Create | Archer |
| 16:39 | Build | Farm |
| 17:05 | Build | Farm |
| 17:10 | Create | Archer |
| 17:19 | Build | House |
| 17:29 | Create | Villager (Male) |
| 17:38 | Build | Farm |
| 17:50 | Create | Archer |
| 18:03 | Build | Farm |
| 18:04 | Create | Villager (Male) |
| 18:16 | Create | Villager (Male) |
| 18:25 | Build | Watch Tower |
| 18:34 | Create | Skirmisher |
| 18:35 | Create | Villager (Male) |
| 18:39 | Build | Farm |
| 18:50 | Build | Watch Tower |
| 18:59 | Build | Farm |
| 19:04 | Build | Mining Camp |
| 19:15 | Build | Watch Tower |
| 19:24 | Research | Fletching |
| 19:29 | Create | Archer |
| 19:54 | Research | Castle Age |
| 20:03 | Build | Watch Tower |
| 20:09 | Create | Villager (Male) |
| 20:21 | Create | Archer |
| 20:22 | Create | Skirmisher |
| 20:41 | Create | Villager (Male) |
| 21:10 | Create | Archer |
| 21:15 | Build | House |
| 21:19 | Research | Horse Collar |
| 21:51 | Create | Villager (Male) |
| 21:54 | Research | Wheelbarrow |
| 22:01 | Build | House |
| 22:17 | Create | Villager (Male) |
| 22:27 | Create | Archer |
| 22:27 | Create | Archer |
| 22:34 | Age | Castle Age |
| 22:40 | Research | Crossbowman (upgrade) |
| 22:41 | Research | Thumb Ring |
| 22:57 | Build | Castle |
| 23:03 | Research | Thumb Ring |
| 23:27 | Build | Castle |
| 23:33 | Create | Villager (Male) |
| 23:37 | Create | Villager (Male) |
| 23:43 | Research | Gold Mining |
| 23:50 | Research | Double-Bit Axe |
| 24:12 | Create | Villager (Male) |
| 24:41 | Create | Villager (Male) |
| 24:45 | Build | Mining Camp |
| 24:49 | Create | Villager (Male) |
| 25:12 | Create | War Wagon |
| 25:32 | Create | Villager (Male) |
| 25:46 | Research | Bow Saw |
| 25:46 | Research | Bow Saw |
| 26:00 | Research | Bodkin Arrow |
| 26:04 | Create | Villager (Male) |
| 26:38 | Create | Villager (Male) |
| 26:49 | Build | Town Center |
| 27:02 | Create | Villager (Male) |
| 27:11 | Create | Villager (Male) |
| 27:23 | Research | Heavy Plow |
| 27:33 | Create | War Wagon |
| 27:45 | Build | Farm |
| 27:53 | Create | War Wagon |
| 28:01 | Create | Villager (Male) |
| 28:01 | Create | Villager (Male) |
| 28:07 | Build | Farm |
| 28:18 | Create | Villager (Male) |
| 28:21 | Build | Lumber Camp |
| 28:27 | Create | War Wagon |
| 28:28 | Create | Villager (Male) |
| 28:37 | Create | Villager (Male) |
| 28:51 | Build | Farm |
| 28:54 | Create | War Wagon |
| 28:55 | Create | War Wagon |
Build order — 鼠條
First 150 of 290 actions detected
| 0:01 | Create | Villager (Male) ×4 |
| 0:02 | Build | House |
| 0:03 | Build | House |
| 1:33 | Create | Villager (Male) |
| 2:03 | Create | Villager (Male) |
| 2:10 | Build | Lumber Camp |
| 2:29 | Create | Villager (Male) |
| 2:29 | Create | Villager (Male) |
| 2:29 | Create | Villager (Male) |
| 2:51 | Create | Villager (Male) |
| 3:04 | Build | House |
| 3:21 | Create | Villager (Male) |
| 4:02 | Create | Villager (Male) |
| 4:02 | Create | Villager (Male) |
| 4:02 | Create | Villager (Male) |
| 4:21 | Create | Villager (Male) |
| 4:29 | Create | Villager (Male) |
| 4:37 | Create | Villager (Male) |
| 4:47 | Build | Mill |
| 5:50 | Create | Villager (Male) |
| 5:53 | Build | House |
| 6:10 | Create | Villager (Male) |
| 6:40 | Create | Villager (Male) |
| 6:46 | Create | Villager (Male) |
| 6:46 | Create | Villager (Male) |
| 7:58 | Build | Mining Camp |
| 8:35 | Create | Villager (Male) |
| 8:37 | Build | House |
| 8:41 | Build | Lumber Camp |
| 8:58 | Research | Feudal Age |
| 9:29 | Build | Palisade Wall |
| 9:31 | Build | Palisade Wall |
| 9:40 | Create | Villager (Male) |
| 10:19 | Build | House |
| 10:26 | Build | House |
| 10:32 | Build | Palisade Wall |
| 10:33 | Build | Palisade Wall |
| 11:10 | Age | Feudal Age |
| 11:17 | Build | Blacksmith |
| 11:35 | Create | Villager (Male) |
| 11:53 | Build | Market |
| 11:58 | Create | Villager (Male) |
| 12:02 | Research | Loom |
| 12:36 | Build | House |
| 12:38 | Build | House |
| 12:45 | Research | Castle Age |
| 12:45 | Research | Castle Age |
| 13:03 | Build | House |
| 13:05 | Build | House |
| 13:07 | Build | House |
| 13:15 | Build | House |
| 13:23 | Create | Villager (Male) |
| 13:37 | Research | Horse Collar |
| 13:37 | Research | Horse Collar |
| 13:41 | Build | Farm |
| 14:12 | Build | Farm |
| 14:15 | Build | Farm |
| 14:17 | Build | Farm |
| 14:20 | Build | Farm |
| 14:22 | Build | Farm |
| 14:24 | Build | Farm |
| 15:06 | Build | Farm |
| 15:11 | Build | Farm |
| 15:13 | Build | Farm |
| 15:20 | Create | Villager (Male) |
| 15:30 | Age | Castle Age |
| 15:33 | Build | Barracks |
| 15:37 | Create | Villager (Male) |
| 15:56 | Create | Villager (Male) |
| 16:11 | Create | Villager (Male) |
| 16:14 | Create | Villager (Male) |
| 16:15 | Build | Farm |
| 16:32 | Build | House |
| 16:35 | Build | House |
| 16:41 | Build | House |
| 16:45 | Create | Villager (Male) |
| 16:57 | Build | House |
| 17:00 | Build | House |
| 17:10 | Create | Villager (Male) |
| 17:15 | Build | Palisade Wall |
| 17:21 | Create | Villager (Male) |
| 17:27 | Research | Man-at-Arms (upgrade) |
| 17:56 | Build | Farm |
| 17:57 | Create | Villager (Male) |
| 17:57 | Build | Farm |
| 18:01 | Build | Farm |
| 18:03 | Create | Militia |
| 18:04 | Create | Militia |
| 18:08 | Build | House |
| 18:10 | Build | House |
| 18:12 | Build | House |
| 18:18 | Create | Villager (Male) |
| 18:42 | Build | House |
| 18:44 | Build | House |
| 18:47 | Create | Villager (Male) |
| 18:55 | Create | Villager (Male) |
| 19:01 | Create | Villager (Male) |
| 19:07 | Create | Militia |
| 19:18 | Research | Long Swordsman (upgrade) |
| 19:29 | Create | Villager (Male) |
| 19:47 | Create | Militia |
| 19:48 | Create | Villager (Male) |
| 19:53 | Build | Farm |
| 20:02 | Build | House |
| 20:07 | Build | House |
| 20:13 | Create | Militia |
| 20:15 | Create | Villager (Male) |
| 20:19 | Build | House |
| 20:28 | Create | Militia |
| 20:39 | Build | Archery Range |
| 20:43 | Build | Mining Camp |
| 20:51 | Research | Fletching |
| 20:51 | Research | Scale Mail Armor |
| 20:57 | Create | Villager (Male) |
| 20:59 | Build | Mining Camp |
| 21:07 | Research | Gambesons |
| 21:23 | Create | Skirmisher |
| 21:23 | Create | Skirmisher |
| 21:29 | Create | Villager (Male) |
| 21:37 | Create | Villager (Male) |
| 21:49 | Create | Villager (Male) |
| 21:54 | Build | Lumber Camp |
| 22:05 | Build | Watch Tower |
| 22:21 | Create | Militia |
| 22:21 | Create | Militia |
| 22:23 | Create | Villager (Male) |
| 22:42 | Build | House |
| 22:43 | Build | House |
| 22:45 | Build | Palisade Wall |
| 22:48 | Create | Villager (Male) |
| 22:57 | Create | Villager (Male) |
| 22:59 | Create | Skirmisher |
| 22:59 | Create | Skirmisher |
| 23:07 | Create | Villager (Male) |
| 23:25 | Build | Farm |
| 23:33 | Create | Villager (Male) |
| 23:37 | Build | Lumber Camp |
| 23:46 | Build | Town Center |
| 24:03 | Create | Villager (Male) |
| 24:13 | Create | Villager (Male) |
| 24:30 | Create | Villager (Male) |
| 24:30 | Create | Villager (Male) |
| 24:36 | Create | Villager (Male) |
| 25:32 | Create | Villager (Male) |
| 25:40 | Create | Villager (Male) |
| 25:53 | Build | House |
| 26:11 | Build | Lumber Camp |
| 26:15 | Create | Villager (Male) |
| 26:26 | Create | Villager (Male) |
| 26:31 | Create | Villager (Male) |
Build order — 卡福达
First 150 of 304 actions detected
| 0:01 | Create | Villager (Male) |
| 0:01 | Create | Villager (Male) |
| 0:01 | Create | Villager (Male) |
| 0:02 | Create | Villager (Male) |
| 0:02 | Create | Villager (Male) |
| 0:03 | Build | House |
| 0:05 | Build | House |
| 1:33 | Create | Villager (Male) |
| 1:56 | Build | Lumber Camp |
| 2:04 | Create | Villager (Male) |
| 2:29 | Create | Villager (Male) |
| 2:29 | Create | Villager (Male) |
| 2:49 | Create | Villager (Male) |
| 3:19 | Create | Villager (Male) |
| 3:34 | Build | Mill |
| 3:39 | Create | Villager (Male) |
| 3:54 | Build | House |
| 4:03 | Create | Villager (Male) |
| 4:30 | Create | Villager (Male) |
| 5:05 | Create | Villager (Male) |
| 5:13 | Create | Villager (Male) |
| 5:47 | Create | Villager (Male) |
| 5:54 | Build | House |
| 6:07 | Create | Villager (Male) |
| 6:34 | Create | Villager (Male) |
| 7:13 | Create | Villager (Male) |
| 7:23 | Create | Villager (Male) |
| 7:32 | Create | Villager (Male) |
| 7:47 | Build | Mining Camp |
| 8:07 | Build | Farm |
| 8:26 | Create | Villager (Male) |
| 8:53 | Research | Feudal Age |
| 9:20 | Build | House |
| 10:42 | Build | Farm |
| 10:57 | Create | Villager (Male) |
| 10:58 | Create | Villager (Male) |
| 11:03 | Age | Feudal Age |
| 11:07 | Build | Market |
| 11:11 | Build | Blacksmith |
| 12:28 | Research | Castle Age |
| 12:47 | Research | Double-Bit Axe |
| 12:48 | Research | Double-Bit Axe |
| 12:53 | Build | Farm |
| 12:56 | Build | Farm |
| 13:14 | Build | Lumber Camp |
| 13:51 | Create | Villager (Male) |
| 13:51 | Create | Villager (Male) |
| 14:02 | Build | House |
| 14:21 | Build | Farm |
| 14:24 | Build | Farm |
| 14:39 | Build | House |
| 15:08 | Age | Castle Age |
| 15:13 | Build | Town Center |
| 15:24 | Build | Town Center |
| 15:45 | Build | Town Center |
| 15:59 | Create | Villager (Male) |
| 16:01 | Create | Villager (Male) |
| 16:05 | Build | Farm |
| 16:16 | Build | House |
| 16:19 | Create | Villager (Male) |
| 16:28 | Research | Bow Saw |
| 16:43 | Create | Villager (Male) |
| 16:54 | Build | Farm |
| 17:03 | Create | Villager (Male) |
| 17:05 | Create | Villager (Male) |
| 17:13 | Create | Villager (Male) |
| 17:15 | Create | Villager (Male) |
| 17:24 | Create | Villager (Male) |
| 17:24 | Create | Villager (Male) ×2 |
| 17:26 | Build | Farm |
| 17:28 | Build | House |
| 17:36 | Build | Farm |
| 17:47 | Create | Villager (Male) ×3 |
| 17:47 | Create | Villager (Male) ×3 |
| 17:51 | Build | Farm |
| 17:53 | Build | Farm |
| 17:56 | Create | Villager (Male) |
| 17:56 | Create | Villager (Male) |
| 18:00 | Build | Farm |
| 18:06 | Build | House |
| 18:10 | Build | House |
| 18:20 | Build | Farm |
| 18:24 | Build | Farm |
| 18:27 | Build | Farm |
| 18:31 | Build | Farm |
| 18:33 | Create | Villager (Male) ×2 |
| 18:33 | Create | Villager (Male) ×2 |
| 18:38 | Build | Farm |
| 18:49 | Build | Farm |
| 18:56 | Build | Farm |
| 18:59 | Build | Farm |
| 19:05 | Build | Farm |
| 19:08 | Build | House |
| 19:09 | Build | House |
| 19:10 | Create | Villager (Male) ×3 |
| 19:10 | Create | Villager (Male) ×3 |
| 19:11 | Create | Villager (Male) ×3 |
| 19:15 | Create | Villager (Male) |
| 19:16 | Create | Villager (Male) |
| 19:24 | Create | Villager (Male) |
| 19:24 | Create | Villager (Male) |
| 19:31 | Build | Farm |
| 19:36 | Create | Villager (Male) |
| 19:36 | Create | Villager (Male) |
| 19:47 | Build | Farm |
| 19:53 | Create | Villager (Male) ×3 |
| 19:58 | Create | Villager (Male) |
| 19:59 | Create | Villager (Male) |
| 20:03 | Build | House |
| 20:04 | Build | House |
| 20:06 | Create | Villager (Male) |
| 20:11 | Build | Farm |
| 20:29 | Build | Town Center |
| 20:32 | Create | Villager (Male) ×4 |
| 20:32 | Create | Villager (Male) ×4 |
| 20:33 | Create | Villager (Male) |
| 20:33 | Create | Villager (Male) |
| 20:36 | Build | Farm |
| 20:47 | Create | Villager (Male) |
| 20:48 | Create | Villager (Male) |
| 20:48 | Create | Villager (Male) |
| 20:53 | Create | Villager (Male) |
| 20:53 | Create | Villager (Male) |
| 20:58 | Build | House |
| 21:00 | Create | Villager (Male) |
| 21:01 | Create | Villager (Male) |
| 21:09 | Build | Farm |
| 21:12 | Build | Farm |
| 21:18 | Build | Farm |
| 21:22 | Create | Villager (Male) ×4 |
| 21:22 | Create | Villager (Male) ×4 |
| 21:27 | Build | Farm |
| 21:28 | Build | Farm |
| 21:30 | Create | Villager (Male) |
| 21:32 | Build | Farm |
| 21:35 | Build | Farm |
| 21:38 | Build | Farm |
| 21:42 | Create | Villager (Male) |
| 21:57 | Research | Wheelbarrow |
| 21:57 | Create | Villager (Male) ×4 |
| 21:58 | Create | Villager (Male) |
| 22:02 | Build | Farm |
| 22:06 | Build | Farm |
| 22:06 | Build | Farm |
| 22:09 | Create | Villager (Male) |
| 22:09 | Create | Villager (Male) |
| 22:15 | Create | Villager (Male) |
| 22:15 | Create | Villager (Male) |
| 22:19 | Create | Villager (Male) |
| 22:19 | Create | Villager (Male) ×2 |
Build order — Dallo
First 150 of 336 actions detected
| 0:02 | Create | Villager (Male) |
| 0:02 | Create | Villager (Male) |
| 0:02 | Create | Villager (Male) |
| 0:04 | Build | House |
| 0:06 | Build | House |
| 0:16 | Create | Villager (Male) |
| 0:16 | Create | Villager (Male) |
| 1:33 | Create | Villager (Male) |
| 1:33 | Create | Villager (Male) |
| 2:07 | Create | Villager (Male) |
| 2:08 | Create | Villager (Male) |
| 2:55 | Build | Lumber Camp |
| 2:57 | Create | Villager (Male) |
| 2:57 | Create | Villager (Male) |
| 2:59 | Research | Loom |
| 3:30 | Create | Villager (Male) |
| 3:30 | Create | Villager (Male) |
| 3:30 | Create | Villager (Male) |
| 3:31 | Create | Villager (Male) |
| 4:44 | Build | Mill |
| 4:51 | Create | Villager (Male) |
| 5:17 | Build | House |
| 5:18 | Build | House |
| 5:35 | Create | Villager (Male) |
| 5:40 | Build | House |
| 6:03 | Build | House |
| 6:06 | Create | Villager (Male) |
| 6:07 | Create | Villager (Male) |
| 6:26 | Create | Villager (Male) |
| 6:48 | Create | Villager (Male) |
| 6:58 | Build | Building 796 |
| 7:00 | Build | House |
| 7:02 | Create | Villager (Male) |
| 7:57 | Create | Villager (Male) |
| 8:10 | Build | Mill |
| 8:22 | Create | Villager (Male) |
| 8:48 | Create | Villager (Male) |
| 8:48 | Create | Villager (Male) |
| 8:49 | Create | Villager (Male) |
| 8:50 | Create | Villager (Male) |
| 9:29 | Research | Feudal Age |
| 10:10 | Build | Mining Camp |
| 10:49 | Create | Villager (Male) |
| 10:49 | Create | Villager (Male) |
| 11:12 | Build | Mill |
| 13:04 | Age | Feudal Age |
| 13:16 | Build | Blacksmith |
| 13:36 | Build | Market |
| 13:55 | Create | Villager (Male) |
| 14:12 | Research | Castle Age |
| 14:12 | Research | Castle Age |
| 14:46 | Build | Barracks |
| 14:57 | Research | Forging |
| 14:57 | Research | Scale Mail Armor |
| 15:28 | Research | Double-Bit Axe |
| 16:19 | Build | Barracks |
| 16:26 | Create | Villager (Male) |
| 16:26 | Create | Villager (Male) |
| 16:26 | Create | Villager (Male) |
| 17:00 | Age | Castle Age |
| 17:05 | Build | Town Center |
| 17:11 | Create | Villager (Male) |
| 17:12 | Create | Villager (Male) |
| 18:04 | Create | Villager (Male) |
| 18:20 | Create | Villager (Male) |
| 18:21 | Create | Villager (Male) |
| 18:21 | Create | Villager (Male) |
| 18:24 | Create | Villager (Male) |
| 18:24 | Create | Villager (Male) |
| 18:24 | Create | Villager (Male) |
| 18:25 | Create | Villager (Male) |
| 18:26 | Create | Villager (Male) |
| 18:43 | Research | Man-at-Arms (upgrade) |
| 18:43 | Create | Militia |
| 19:12 | Build | Town Center |
| 19:27 | Research | Long Swordsman (upgrade) |
| 19:28 | Research | Pikeman (upgrade) |
| 19:29 | Research | Squires |
| 19:30 | Create | Militia |
| 19:30 | Create | Spearman |
| 19:30 | Create | Militia |
| 19:31 | Create | Spearman |
| 19:31 | Create | Militia |
| 19:42 | Build | Farm |
| 19:45 | Build | Farm |
| 19:53 | Build | House |
| 19:54 | Build | House |
| 19:56 | Build | House |
| 19:58 | Build | House |
| 20:13 | Build | Mining Camp |
| 20:18 | Build | Farm |
| 20:21 | Build | Farm |
| 20:29 | Create | Villager (Male) |
| 20:29 | Create | Villager (Male) |
| 20:30 | Create | Villager (Male) |
| 20:40 | Create | Villager (Male) |
| 20:40 | Create | Villager (Male) |
| 20:51 | Build | Farm |
| 21:00 | Build | Mining Camp |
| 21:15 | Build | Mining Camp |
| 21:17 | Build | House |
| 21:19 | Build | House |
| 22:33 | Build | Town Center |
| 22:50 | Create | Villager (Male) |
| 22:50 | Create | Villager (Male) |
| 22:51 | Create | Villager (Male) |
| 22:51 | Create | Villager (Male) |
| 22:52 | Create | Villager (Male) |
| 23:06 | Build | Farm |
| 23:17 | Build | Farm |
| 23:18 | Build | Farm |
| 23:20 | Build | Farm |
| 23:21 | Build | Farm |
| 23:25 | Build | Farm |
| 23:26 | Build | Farm |
| 23:30 | Create | Villager (Male) |
| 23:31 | Create | Villager (Male) |
| 23:36 | Build | Farm |
| 23:42 | Build | Farm |
| 23:44 | Build | Farm |
| 23:47 | Build | Farm |
| 23:48 | Build | Farm |
| 23:49 | Build | Farm |
| 23:54 | Create | Villager (Male) |
| 23:54 | Create | Villager (Male) |
| 24:31 | Research | Gold Mining |
| 24:38 | Build | Farm |
| 24:53 | Build | Farm |
| 24:59 | Build | Farm |
| 25:01 | Create | Villager (Male) |
| 25:01 | Create | Villager (Male) |
| 25:02 | Create | Villager (Male) |
| 25:31 | Build | House |
| 25:32 | Build | House |
| 25:35 | Build | House |
| 25:43 | Research | Chain Mail Armor |
| 25:50 | Build | Farm |
| 25:56 | Build | Farm |
| 26:11 | Create | Villager (Male) |
| 26:12 | Create | Villager (Male) |
| 26:14 | Create | Villager (Male) |
| 26:15 | Create | Villager (Male) |
| 26:15 | Research | Wheelbarrow |
| 26:15 | Research | Wheelbarrow |
| 26:15 | Research | Town Watch |
| 26:16 | Create | Villager (Male) |
| 26:16 | Create | Villager (Male) |
| 26:22 | Build | Farm |
| 26:25 | Build | Farm |
| 26:37 | Create | Villager (Male) |
Match timeline
| 4:24 | 闲人肥羊 · first_building Barracks |
| 4:36 | 闲人肥羊 · wall_segment Palisade Wall x10 |
| 5:36 | 闲人肥羊 · wall_segment Palisade Wall x2 |
| 5:45 | potrero · wall_segment Palisade Wall x5 |
| 5:49 | 一万五瓜 · wall_segment Palisade Wall x12 |
| 6:25 | potrero · wall_segment Palisade Wall x5 |
| 7:22 | 一万五瓜 · first_building Barracks |
| 8:37 | potrero · first_building Barracks |
| 9:08 | 神廚 · age_up feudal |
| 9:27 | Miyamoto · first_building Barracks |
| 9:29 | 鼠條 · wall_segment Palisade Wall x1 |
| 9:31 | 鼠條 · wall_segment Palisade Wall x1 |
| 10:18 | Miyamoto · age_up feudal |
| 10:32 | 鼠條 · wall_segment Palisade Wall x1 |
| 10:33 | 鼠條 · wall_segment Palisade Wall x1 |
| 10:39 | potrero · age_up feudal |
| 11:03 | 卡福达 · age_up feudal |
| 11:07 | Miyamoto · first_building Archery Range |
| 11:10 | 鼠條 · age_up feudal |
| 11:19 | 一万五瓜 · age_up feudal |
| 11:25 | 一万五瓜 · first_building Archery Range |
| 11:47 | 闲人肥羊 · age_up feudal |
| 12:22 | 卡福达 · first_market_sell 100 stone |
| 13:04 | Dallo · age_up feudal |
| 13:42 | 神廚 · wall_segment Stone Wall x5 |
| 14:21 | 神廚 · age_up castle |
| 14:38 | potrero · age_up castle |
| 14:46 | Dallo · first_building Barracks |
| 15:08 | 卡福达 · age_up castle |
| 15:13 | 闲人肥羊 · first_building Archery Range |
| 15:30 | 鼠條 · age_up castle |
| 15:33 | 鼠條 · first_building Barracks |
| 16:10 | Miyamoto · age_up castle |
| 17:00 | Dallo · age_up castle |
| 17:15 | 鼠條 · wall_segment Palisade Wall x1 |
| 17:46 | 卡福达 · first_market_buy 100 food |
| 18:39 | 闲人肥羊 · age_up castle |
| 20:14 | potrero · wall_segment Stone Wall x1 |
| 20:39 | 鼠條 · first_building Archery Range |
| 22:26 | 神廚 · first_building Monastery |
| 22:34 | 一万五瓜 · age_up castle |
| 22:45 | 鼠條 · wall_segment Palisade Wall x1 |
| 22:56 | potrero · first_building Archery Range |
| 22:57 | 一万五瓜 · first_building Castle |
| 23:00 | 神廚 · first_building Castle |
| 24:15 | potrero · first_market_sell 100 stone |
| 24:29 | 卡福达 · first_building Barracks |
| 25:11 | 卡福达 · first_building Monastery |
| 25:26 | potrero · first_building Castle |
| 25:31 | 卡福达 · first_building Stable |
| 25:46 | 闲人肥羊 · first_building Monastery |
| 26:17 | Miyamoto · first_building Castle |
| 26:56 | Dallo · first_building Castle |
| 27:02 | 卡福达 · first_building Castle |
| 27:16 | 神廚 · first_market_sell 100 food |
| 27:33 | 鼠條 · first_market_buy 100 food |
| 29:46 | 神廚 · first_building Barracks |
| 29:49 | 卡福达 · age_up imperial |
| 30:27 | 神廚 · age_up imperial |
| 30:58 | 鼠條 · first_building Monastery |
| 31:24 | 闲人肥羊 · age_up imperial |
| 32:08 | 神廚 · first_building Archery Range |
| 32:14 | 神廚 · first_building Stable |
| 33:03 | 闲人肥羊 · first_building Castle |
| 33:53 | potrero · age_up imperial |
| 34:12 | Dallo · tribute_sent a jugador 1 |
| 34:12 | Dallo · tribute_sent a jugador 2 |
| 34:12 | Dallo · tribute_sent a jugador 3 |
| 34:12 | Dallo · tribute_sent a jugador 4 |
| 34:12 | Dallo · tribute_sent a jugador 5 |
| 34:12 | Dallo · tribute_sent a jugador 6 |
| 34:12 | Dallo · tribute_sent a jugador 7 |
| 34:37 | 神廚 · first_market_buy 100 food |
| 34:58 | Miyamoto · age_up imperial |
| 35:13 | Miyamoto · first_market_sell 500 food |
| 35:28 | Dallo · age_up imperial |
| 35:52 | 鼠條 · resign |
| 36:45 | 一万五瓜 · first_building Stable |
| 36:52 | 闲人肥羊 · first_market_sell 500 wood |
[ AI ANALYSIS · 1 CREDIT ]
What really happened in this match?
Wolo.gg analyzes every decision: build order, eco, micro, common mistakes by bracket. Personalized analysis on WhatsApp or Discord in 30 seconds.
Civ guide
Mapuche
Map guide
Glade
Perfil
闲人肥羊